Map: Dédale EC

Players

vjsr

  • Race: Protoss Protoss
  • League: Diamond
  • Spawn Location: 7:00

HoldTheDoor - Winner!

  • Race: Protoss Protoss
  • League: Diamond
  • Spawn Location: 1:00

VOD

Have the link to the VOD?

Description

Time

  • Played on: July 4, 2018, 12:18 p.m.
  • Length: 2:33
Show
View Real Time Build Order
Export as new Build Order

vjsr Protoss 

Build Orders: 1 Gate Expand 

Get SALT Encoding   

  12  0:00  Probe  
  13  0:13  Probe  
  14  0:18  Pylon  
  14  0:25  Probe  
  15  0:35  Probe  
  15  0:40  Gateway  
  16  0:43  Probe  
  17  1:08  Probe  
  17  1:09  Nexus  
  17  1:17  Assimilator, Probe  
  19  1:26  Probe  
  20  1:35  Zealot  
  22  1:54  Probe  
  23  2:16  Pylon  
  23  2:17  Probe  
Show
View Real Time Build Order
Export as new Build Order

HoldTheDoor Protoss - Winner!

Build Orders:  

Get SALT Encoding   

  12  0:00  Probe  
  13  0:13  Probe  
  14  0:18  Pylon  
  14  0:25  Probe  
  15  0:36  Probe  
  15  0:37  Forge  
  16  0:44  Probe  
  17  0:53  Probe  
  18  1:02  Pylon  
  18  1:25  Pylon  
  18  1:29  Photon Cannon  
  18  1:30  Pylon  
  18  1:37  Pylon  
  18  1:42  Pylon  
  18  1:47  Pylon  
  18  2:04  Pylon  
  17  2:18  Pylon  
  17  2:23  Photon Cannon  
Tags
 
Matchup
PvP
Spawn Locations
Cross Positions
Add a new tag
Caveats
  • Supply blocks, unpowered buildings, or Contaminate may cause inaccurate times.
  • Supply counts are checked every 10 seconds.